Penguins vs Devils

Created - March 28, 2024 at 22:17

Goals
1 2 3 T
Penguins 1 1 1 3
Devils 1 0 1 2
Shots
1 2 3 T
Penguins 7 10 13 30
Devils 17 12 10 39

GoalsPenalties
1st period
1. Devils , Alexander Wennberg 31 (Brian Dumoulin 36) at 1:16
2. Penguins , Rem Pitlick 5 (Kevin Fiala 31, Logan O'Connor 12) at 3:10
Rudolfs Balcers (PIT) for Hooking (Minor) at 4:37
Conor Sheary (NJD) for Hooking (Minor) at 12:17
Mathew Dumba (PIT) for Roughing (Minor) at 12:17
Ryan Graves (NJD) for Tripping (Minor) at 19:17
2nd period
3. Penguins , Mathew Dumba 9 (Jeff Petry 35, Seth Jarvis 17) at 0:31 (PP)
Jeff Petry (PIT) for Hooking (Minor) at 0:36
Oskar Lindblom (PIT) for Holding (Minor) at 3:45
Ryan Graves (NJD) for Boarding (Minor) at 14:38
3rd period
4. Devils , Dylan Cozens 7 (Damon Severson 38, Matt Boldy 27) at 2:39
5. Penguins , Cole Caufield 12 (Mathew Dumba 33, Kevin Fiala 32) at 14:24 (PP)
Aliaksei Protas (PIT) for Hooking (Minor) at 3:03
Damon Severson (NJD) for Interference (Minor) at 5:56
Nino Niederreiter (NJD) for High sticking (Minor) at 13:48
Goalie Stats
Thatcher Demko (PIT), 37 saves from 39 shots - (0.949), W, 24-19-4, 60:00 minutes
Andrei Vasilevskiy (NJD), 27 saves from 30 shots - (0.900), L, 28-15-9, 59:01 minutes
3 StarsOfficial
1 - Thatcher Demko (PIT)
2 - Brian Dumoulin (NJD)
3 - Kevin Fiala (PIT)
Referees : Pierre Lambert and Tim Mayer
Linesman : Jaime Alary and Vaughan Rody
Game Note
No Game Note
Finance
Level 1 -- Attendance: 5775 (96.25%) -- Ticket Income $646,800
Level 2 -- Attendance: 4973 (99.46%) -- Ticket Income $402,813
Level 3 -- Attendance: 2000 (100.00%) -- Ticket Income $160,000
Level 4 -- Attendance: 2928 (80.77%) -- Ticket Income $43,920
Luxury Box -- Attendance: 884 (88.40%) -- Ticket Income $172,380
Game was played at the Prudential Center.
Total Attendance: 16560 (93.96%)
Total Ticket Income: $1,425,913
Other Income: $356,478
Total Income: $1,782,391



Team Name Goals Shots Shots Attemp Shots Blocked PIM HIT PP PK FO%
Penguins 33060810182 / 4 (50%)043%
Devils 239811110300 / 4 (0%)257%

Penguins
Player Name POS G A P +/- PIM HIT SHT SB MP PP MP PP SHT PK MP PK SHT FO% FOT
Aliaksei ProtasC000-1221013:550:0000:00056% 16
Cole CaufieldRW1010015016:063:4030:00050% 2
Devon ToewsD0000032122:492:1923:5500% 0
Henri JokiharjuD0000011014:230:0000:0000% 0
Jeff PetryD011-1230222:303:2903:0000% 0
Jordan HarrisD0000030219:530:0003:5500% 0
Josh AndersonRW000-1023017:492:0800:0000% 1
Julien GauthierRW000000000:000:0000:0000% 0
Kevin FialaLW0221011024:113:4005:02040% 5
Logan O'ConnorRW011100002:320:0000:0000% 0
Mathew DumbaD112-1212122:093:2924:0100% 0
Matt RoyD0000010018:142:1901:0100% 0
Nick SuzukiC0000006022:293:4025:08039% 31
Oskar LindblomLW000-1202120:242:0811:520100% 1
Phil KesselRW000-1000014:400:0000:360100% 1
Rem PitlickC101100102:140:0000:0000% 0
Rudolfs BalcersLW000-1201014:210:0000:2600% 1
Seth JarvisC011-1005121:212:0802:48038% 29
Devils
Player Name POS G A P +/- PIM HIT SHT SB MP PP MP PP SHT PK MP PK SHT FO% FOT
Alexander WennbergC1011013013:040:0000:00054% 13
Brian DumoulinD0111070219:140:0003:3400% 0
Chris KreiderLW0000032117:334:1200:00033% 3
Conor ShearyLW0001201014:160:0000:4700% 2
Damon SeversonD0111201019:283:2511:1800% 0
Dougie HamiltonD000-1013222:464:3112:2500% 0
Dylan CozensC1010019017:403:2560:0000% 1
Erik GustafssonD0001011117:530:0002:3900% 0
Evgeni MalkinC0000022019:133:4400:00055% 20
Mathieu JosephRW000001108:420:0005:010100% 1
Matt BoldyLW0110022019:243:4400:000100% 2
Michael McCarronRW000004014:540:0000:47033% 3
Mikhail SergachevD000-1024120:214:3130:0000% 0
Nino NiederreiterRW0001223016:473:4400:000100% 1
Ryan GravesD0001400216:500:0001:4000% 0
Sam ReinhartC0000005117:444:1240:00060% 25
Travis KonecnyRW0000012017:374:1200:00050% 2
Trevor LewisC000002008:420:0005:01071% 14



Play-by-Play

1st period


0:01 of 1st period - Nick Suzuki wins face-off versus Sam Reinhart in neutral zone.
0:08 of 1st period - Shot by Kevin Fiala.
0:08 of 1st period - Shot Blocked by Sam Reinhart.
0:24 of 1st period - Shot by Nick Suzuki.
0:24 of 1st period - Shot Misses the Net.
0:36 of 1st period - Shot by Chris Kreider.
0:36 of 1st period - Stopped by Thatcher Demko without a rebound.
0:37 of 1st period - Evgeni Malkin wins face-off versus Seth Jarvis in Penguins zone.
0:38 of 1st period - Shot by Matt Boldy.
0:38 of 1st period - Shot Misses the Net.
0:50 of 1st period - Shot by Evgeni Malkin.
0:50 of 1st period - Shot Misses the Net.
0:52 of 1st period - Shot by Ryan Graves.
0:52 of 1st period - Shot Blocked by Jeff Petry.
0:54 of 1st period - Shot by Evgeni Malkin.
0:54 of 1st period - Shot Misses the Net.
0:59 of 1st period - Dylan Cozens is hit by Mathew Dumba and loses puck.
1:05 of 1st period - Icing by Jeff Petry.
1:06 of 1st period - Seth Jarvis wins face-off versus Alexander Wennberg in Penguins zone.
1:14 of 1st period - Shot by Alexander Wennberg.
1:14 of 1st period - Shot Misses the Net.
1:16 of 1st period - Shot by Alexander Wennberg.
1:16 of 1st period - Goal by Alexander Wennberg - Penguins : 0 - Devils : 1.
1:17 of 1st period - Trevor Lewis wins face-off versus Aliaksei Protas in neutral zone.
1:25 of 1st period - Rudolfs Balcers is hit by Michael McCarron and loses puck.
2:20 of 1st period - Icing by Henri Jokiharju.
2:21 of 1st period - Aliaksei Protas wins face-off versus Evgeni Malkin in Penguins zone.
2:25 of 1st period - Matt Roy is hit by Evgeni Malkin and loses puck.
2:42 of 1st period - Logan O'Connor is hit by Dylan Cozens and loses puck.
3:10 of 1st period - Shot by Kevin Fiala.
3:10 of 1st period - Deflect By Rem Pitlick.
3:10 of 1st period - Goal by Rem Pitlick - Penguins : 1 - Devils : 1.
3:11 of 1st period - Alexander Wennberg wins face-off versus Seth Jarvis in neutral zone.
3:20 of 1st period - Mathew Dumba is hit by Alexander Wennberg and loses puck.
3:51 of 1st period - Shot by Seth Jarvis.
3:51 of 1st period - Shot Misses the Net.
4:15 of 1st period - Cole Caufield is hit by Chris Kreider and loses puck.
4:24 of 1st period - Shot by Nick Suzuki.
4:24 of 1st period - Stopped by Andrei Vasilevskiy without a rebound.
4:25 of 1st period - Aliaksei Protas wins face-off versus Evgeni Malkin in Devils zone.
4:32 of 1st period - Shot by Rudolfs Balcers.
4:32 of 1st period - Stopped by Andrei Vasilevskiy without a rebound.
4:33 of 1st period - Travis Konecny wins face-off versus Aliaksei Protas in Devils zone.
4:37 of 1st period - Minor Penalty to Rudolfs Balcers for Hooking.
4:38 of 1st period - Sam Reinhart wins face-off versus Nick Suzuki in Penguins zone.
4:41 of 1st period - Shot by Mikhail Sergachev.
4:41 of 1st period - Stopped by Thatcher Demko without a rebound.
4:42 of 1st period - Nick Suzuki wins face-off versus Sam Reinhart in Penguins zone.
4:59 of 1st period - Shot by Sam Reinhart.
4:59 of 1st period - Stopped by Thatcher Demko with a rebound.
5:01 of 1st period - Shot by Sam Reinhart.
5:01 of 1st period - Stopped by Thatcher Demko without a rebound.
5:02 of 1st period - Evgeni Malkin wins face-off versus Nick Suzuki in Penguins zone.
5:21 of 1st period - Evgeni Malkin is hit by Devon Toews and loses puck.
5:34 of 1st period - Shot by Damon Severson.
5:34 of 1st period - Shot Blocked by Devon Toews.
5:36 of 1st period - Shot by Dylan Cozens.
5:36 of 1st period - Stopped by Thatcher Demko with a rebound.
5:38 of 1st period - Shot by Dylan Cozens.
5:38 of 1st period - Stopped by Thatcher Demko without a rebound.
5:39 of 1st period - Seth Jarvis wins face-off versus Sam Reinhart in Penguins zone.
6:11 of 1st period - Shot by Chris Kreider.
6:11 of 1st period - Deflect By Travis Konecny.
6:11 of 1st period - Shot Misses the Net.
6:13 of 1st period - Shot by Sam Reinhart.
6:13 of 1st period - Stopped by Thatcher Demko without a rebound.
6:14 of 1st period - Matt Boldy wins face-off versus Seth Jarvis in Penguins zone.
6:49 of 1st period - Aliaksei Protas is hit by Michael McCarron.
7:07 of 1st period - Shot by Matt Roy.
7:07 of 1st period - Shot Blocked by Michael McCarron.
7:09 of 1st period - Shot by Phil Kessel.
7:09 of 1st period - Shot Blocked by Brian Dumoulin.
7:11 of 1st period - Shot by Henri Jokiharju.
7:11 of 1st period - Stopped by Andrei Vasilevskiy without a rebound.
7:12 of 1st period - Sam Reinhart wins face-off versus Seth Jarvis in Devils zone.
7:18 of 1st period - Devon Toews is hit by Chris Kreider and loses puck.
8:24 of 1st period - Icing by Matt Boldy.
8:25 of 1st period - Evgeni Malkin wins face-off versus Nick Suzuki in Devils zone.
8:42 of 1st period - Shot by Cole Caufield.
8:42 of 1st period - Stopped by Andrei Vasilevskiy without a rebound.
8:43 of 1st period - Aliaksei Protas wins face-off versus Alexander Wennberg in Devils zone.
8:49 of 1st period - Icing by Brian Dumoulin.
8:50 of 1st period - Nick Suzuki wins face-off versus Alexander Wennberg in Devils zone.
8:59 of 1st period - Nick Suzuki is hit by Nino Niederreiter and loses puck.
9:34 of 1st period - Shot by Conor Sheary.
9:34 of 1st period - Deflect By Alexander Wennberg.
9:34 of 1st period - Stopped by Thatcher Demko without a rebound.
9:35 of 1st period - Sam Reinhart wins face-off versus Josh Anderson in Penguins zone.
9:46 of 1st period - Shot by Travis Konecny.
9:46 of 1st period - Stopped by Thatcher Demko without a rebound.
9:47 of 1st period - Aliaksei Protas wins face-off versus Evgeni Malkin in Penguins zone.
10:04 of 1st period - Mikhail Sergachev is hit by Aliaksei Protas and loses puck.
10:15 of 1st period - Shot by Rudolfs Balcers.
10:15 of 1st period - Shot Misses the Net.
10:29 of 1st period - Matt Roy is hit by Matt Boldy and loses puck.
10:58 of 1st period - Shot by Cole Caufield.
10:58 of 1st period - Stopped by Andrei Vasilevskiy without a rebound.
10:59 of 1st period - Sam Reinhart wins face-off versus Seth Jarvis in Devils zone.
10:59 of 1st period - Ryan Graves is hit by Josh Anderson and loses puck.
11:05 of 1st period - Icing by Damon Severson.
11:06 of 1st period - Sam Reinhart wins face-off versus Nick Suzuki in Devils zone.
11:41 of 1st period - Shot by Sam Reinhart.
11:41 of 1st period - Stopped by Thatcher Demko with a rebound.
12:17 of 1st period - Minor Penalty to Conor Sheary for Hooking.
12:17 of 1st period - Minor Penalty to Mathew Dumba for Roughing.
12:18 of 1st period - Evgeni Malkin wins face-off versus Nick Suzuki in Penguins zone.
12:19 of 1st period - Shot by Matt Boldy.
12:19 of 1st period - Stopped by Thatcher Demko with a rebound.
12:31 of 1st period - Off-side.
12:32 of 1st period - Sam Reinhart wins face-off versus Nick Suzuki in neutral zone.
12:43 of 1st period - Shot by Sam Reinhart.
12:43 of 1st period - Shot Misses the Net.
13:37 of 1st period - Shot by Travis Konecny.
13:37 of 1st period - Stopped by Thatcher Demko without a rebound.
13:38 of 1st period - Chris Kreider wins face-off versus Seth Jarvis in Penguins zone.
14:05 of 1st period - Shot by Matt Boldy.
14:05 of 1st period - Shot Misses the Net.
14:07 of 1st period - Shot by Dougie Hamilton.
14:07 of 1st period - Stopped by Thatcher Demko without a rebound.
14:08 of 1st period - Evgeni Malkin wins face-off versus Nick Suzuki in Penguins zone.
14:15 of 1st period - Shot by Evgeni Malkin.
14:15 of 1st period - Stopped by Thatcher Demko without a rebound.
14:16 of 1st period - Sam Reinhart wins face-off versus Nick Suzuki in Penguins zone.
14:16 of 1st period - Sam Reinhart is hit by Matt Roy.
14:45 of 1st period - Shot by Alexander Wennberg.
14:45 of 1st period - Shot Misses the Net.
15:27 of 1st period - Shot by Seth Jarvis.
15:27 of 1st period - Shot Misses the Net.
15:49 of 1st period - Shot by Evgeni Malkin.
15:49 of 1st period - Shot Blocked by Seth Jarvis.
16:43 of 1st period - Shot by Nick Suzuki.
16:43 of 1st period - Shot Blocked by Mikhail Sergachev.
16:45 of 1st period - Shot by Nick Suzuki.
16:45 of 1st period - Shot Misses the Net.
17:40 of 1st period - Icing by Chris Kreider.
17:41 of 1st period - Sam Reinhart wins face-off versus Seth Jarvis in Devils zone.
17:46 of 1st period - Shot by Chris Kreider.
17:46 of 1st period - Stopped by Thatcher Demko without a rebound.
17:47 of 1st period - Trevor Lewis wins face-off versus Seth Jarvis in Penguins zone.
17:48 of 1st period - Shot by Mathieu Joseph.
17:48 of 1st period - Stopped by Thatcher Demko without a rebound.
17:49 of 1st period - Kevin Fiala wins face-off versus Conor Sheary in Penguins zone.
18:36 of 1st period - Icing by Brian Dumoulin.
18:37 of 1st period - Alexander Wennberg wins face-off versus Seth Jarvis in Devils zone.
18:51 of 1st period - Shot by Oskar Lindblom.
18:51 of 1st period - Stopped by Andrei Vasilevskiy without a rebound.
18:52 of 1st period - Sam Reinhart wins face-off versus Aliaksei Protas in Devils zone.
19:17 of 1st period - Minor Penalty to Ryan Graves for Tripping.
19:18 of 1st period - Trevor Lewis wins face-off versus Nick Suzuki in Devils zone.
19:30 of 1st period - Icing by Kevin Fiala.
19:31 of 1st period - Trevor Lewis wins face-off versus Nick Suzuki in Penguins zone.
Goals for this period are 1 for Penguins vs 1 for Devils.
Shots for this period are 7 for Penguins vs 17 for Devils.

2nd period


0:01 of 2nd period - Trevor Lewis wins face-off versus Nick Suzuki in neutral zone.
0:12 of 2nd period - Kevin Fiala is hit by Dougie Hamilton and loses puck.
0:23 of 2nd period - Shot by Devon Toews.
0:23 of 2nd period - Stopped by Andrei Vasilevskiy without a rebound.
0:24 of 2nd period - Seth Jarvis wins face-off versus Trevor Lewis in Devils zone.
0:29 of 2nd period - Shot by Jeff Petry.
0:29 of 2nd period - Shot Misses the Net.
0:31 of 2nd period - Shot by Mathew Dumba.
0:31 of 2nd period - Goal by Mathew Dumba - Penguins : 2 - Devils : 1.
0:32 of 2nd period - Evgeni Malkin wins face-off versus Seth Jarvis in neutral zone.
0:36 of 2nd period - Minor Penalty to Jeff Petry for Hooking.
0:37 of 2nd period - Nick Suzuki wins face-off versus Sam Reinhart in Penguins zone.
1:08 of 2nd period - Shot by Dougie Hamilton.
1:08 of 2nd period - Stopped by Thatcher Demko without a rebound.
1:09 of 2nd period - Evgeni Malkin wins face-off versus Nick Suzuki in Penguins zone.
1:12 of 2nd period - Shot by Dylan Cozens.
1:12 of 2nd period - Stopped by Thatcher Demko with a rebound.
1:14 of 2nd period - Shot by Damon Severson.
1:14 of 2nd period - Shot Misses the Net.
1:16 of 2nd period - Shot by Nino Niederreiter.
1:16 of 2nd period - Shot Misses the Net.
1:18 of 2nd period - Shot by Dylan Cozens.
1:18 of 2nd period - Shot Misses the Net.
1:22 of 2nd period - Shot by Dylan Cozens.
1:22 of 2nd period - Shot Misses the Net.
1:42 of 2nd period - Shot by Damon Severson.
1:42 of 2nd period - Shot Misses the Net.
1:44 of 2nd period - Shot by Damon Severson.
1:44 of 2nd period - Stopped by Thatcher Demko without a rebound.
1:45 of 2nd period - Seth Jarvis wins face-off versus Sam Reinhart in Penguins zone.
1:45 of 2nd period - Seth Jarvis is hit by Chris Kreider.
1:50 of 2nd period - Mathew Dumba is hit by Mikhail Sergachev and loses puck.
2:01 of 2nd period - Shot by Mikhail Sergachev.
2:01 of 2nd period - Stopped by Thatcher Demko without a rebound.
2:02 of 2nd period - Nick Suzuki wins face-off versus Sam Reinhart in Penguins zone.
2:15 of 2nd period - Shot by Mikhail Sergachev.
2:15 of 2nd period - Stopped by Thatcher Demko with a rebound.
2:17 of 2nd period - Shot by Travis Konecny.
2:17 of 2nd period - Shot Misses the Net.
2:19 of 2nd period - Shot by Chris Kreider.
2:19 of 2nd period - Shot Misses the Net.
2:21 of 2nd period - Shot by Sam Reinhart.
2:21 of 2nd period - Stopped by Thatcher Demko without a rebound.
2:22 of 2nd period - Evgeni Malkin wins face-off versus Seth Jarvis in Penguins zone.
2:29 of 2nd period - Shot by Damon Severson.
2:29 of 2nd period - Shot Misses the Net.
2:31 of 2nd period - Shot by Dylan Cozens.
2:31 of 2nd period - Shot Misses the Net.
2:33 of 2nd period - Shot by Dylan Cozens.
2:33 of 2nd period - Stopped by Thatcher Demko with a rebound.
2:35 of 2nd period - Shot by Dylan Cozens.
2:35 of 2nd period - Stopped by Thatcher Demko without a rebound.
2:36 of 2nd period - Aliaksei Protas wins face-off versus Trevor Lewis in Penguins zone.
2:36 of 2nd period - Aliaksei Protas is hit by Trevor Lewis.
2:39 of 2nd period - Icing by Mathew Dumba.
2:40 of 2nd period - Phil Kessel wins face-off versus Evgeni Malkin in Penguins zone.
2:40 of 2nd period - Phil Kessel is hit by Matt Boldy.
2:56 of 2nd period - Shot by Evgeni Malkin.
2:56 of 2nd period - Shot Misses the Net.
2:58 of 2nd period - Shot by Evgeni Malkin.
2:58 of 2nd period - Shot Misses the Net.
3:00 of 2nd period - Shot by Dougie Hamilton.
3:00 of 2nd period - Stopped by Thatcher Demko without a rebound.
3:01 of 2nd period - Oskar Lindblom wins face-off versus Sam Reinhart in Penguins zone.
3:28 of 2nd period - Shot by Seth Jarvis.
3:28 of 2nd period - Shot Blocked by Ryan Graves.
3:30 of 2nd period - Shot by Oskar Lindblom.
3:30 of 2nd period - Deflect By Seth Jarvis.
3:30 of 2nd period - Shot Blocked by Chris Kreider.
3:45 of 2nd period - Minor Penalty to Oskar Lindblom for Holding.
3:46 of 2nd period - Kevin Fiala wins face-off versus Evgeni Malkin in Penguins zone.
5:52 of 2nd period - Henri Jokiharju is hit by Michael McCarron and loses puck.
6:53 of 2nd period - Icing by Ryan Graves.
6:54 of 2nd period - Aliaksei Protas wins face-off versus Alexander Wennberg in Devils zone.
7:35 of 2nd period - Shot by Phil Kessel.
7:35 of 2nd period - Shot Blocked by Ryan Graves.
7:49 of 2nd period - Shot by Josh Anderson.
7:49 of 2nd period - Stopped by Andrei Vasilevskiy with a rebound.
7:57 of 2nd period - Shot by Seth Jarvis.
7:57 of 2nd period - Stopped by Andrei Vasilevskiy with a rebound.
7:59 of 2nd period - Shot by Josh Anderson.
7:59 of 2nd period - Shot Misses the Net.
8:05 of 2nd period - Shot by Seth Jarvis.
8:05 of 2nd period - Stopped by Andrei Vasilevskiy without a rebound.
8:06 of 2nd period - Nick Suzuki wins face-off versus Evgeni Malkin in Devils zone.
8:23 of 2nd period - Shot by Matt Boldy.
8:23 of 2nd period - Stopped by Thatcher Demko without a rebound.
8:24 of 2nd period - Seth Jarvis wins face-off versus Sam Reinhart in Penguins zone.
8:33 of 2nd period - Shot by Seth Jarvis.
8:33 of 2nd period - Stopped by Andrei Vasilevskiy with a rebound.
8:50 of 2nd period - Sam Reinhart is hit by Jordan Harris and loses puck.
9:06 of 2nd period - Icing by Brian Dumoulin.
9:07 of 2nd period - Sam Reinhart wins face-off versus Nick Suzuki in Devils zone.
9:07 of 2nd period - Sam Reinhart is hit by Cole Caufield.
9:46 of 2nd period - Shot by Kevin Fiala.
9:46 of 2nd period - Shot Blocked by Dougie Hamilton.
9:58 of 2nd period - Shot by Matt Boldy.
9:58 of 2nd period - Shot Misses the Net.
10:00 of 2nd period - Shot by Mikhail Sergachev.
10:00 of 2nd period - Stopped by Thatcher Demko without a rebound.
10:01 of 2nd period - Trevor Lewis wins face-off versus Seth Jarvis in Penguins zone.
10:23 of 2nd period - Mathieu Joseph is hit by Devon Toews and loses puck.
10:32 of 2nd period - Jordan Harris is hit by Mathieu Joseph.
11:00 of 2nd period - Matt Boldy is hit by Devon Toews and loses puck.
11:03 of 2nd period - Shot by Evgeni Malkin.
11:03 of 2nd period - Shot Misses the Net.
11:05 of 2nd period - Shot by Matt Boldy.
11:05 of 2nd period - Shot Misses the Net.
11:11 of 2nd period - Shot by Dylan Cozens.
11:11 of 2nd period - Deflect By Matt Boldy.
11:11 of 2nd period - Shot Blocked by Jordan Harris.
11:13 of 2nd period - Shot by Mikhail Sergachev.
11:13 of 2nd period - Shot Misses the Net.
11:22 of 2nd period - Icing by Devon Toews.
11:23 of 2nd period - Nino Niederreiter wins face-off versus Seth Jarvis in Penguins zone.
12:04 of 2nd period - Shot by Kevin Fiala.
12:04 of 2nd period - Stopped by Andrei Vasilevskiy without a rebound.
12:05 of 2nd period - Matt Boldy wins face-off versus Rudolfs Balcers in Devils zone.
12:05 of 2nd period - Matt Boldy is hit by Aliaksei Protas.
12:30 of 2nd period - Icing by Dougie Hamilton.
12:31 of 2nd period - Evgeni Malkin wins face-off versus Kevin Fiala in Devils zone.
12:31 of 2nd period - Evgeni Malkin is hit by Kevin Fiala.
12:39 of 2nd period - Dougie Hamilton is hit by Jeff Petry and loses puck.
12:59 of 2nd period - Dylan Cozens is hit by Jeff Petry and loses puck.
13:36 of 2nd period - Icing by Damon Severson.
13:37 of 2nd period - Sam Reinhart wins face-off versus Aliaksei Protas in Devils zone.
13:49 of 2nd period - Aliaksei Protas is hit by Travis Konecny and loses puck.
14:27 of 2nd period - Icing by Damon Severson.
14:28 of 2nd period - Seth Jarvis wins face-off versus Chris Kreider in Devils zone.
14:38 of 2nd period - Minor Penalty to Ryan Graves for Boarding.
14:39 of 2nd period - Nick Suzuki wins face-off versus Trevor Lewis in Devils zone.
14:49 of 2nd period - Icing by Kevin Fiala.
14:50 of 2nd period - Trevor Lewis wins face-off versus Kevin Fiala in Penguins zone.
15:05 of 2nd period - Shot by Jeff Petry.
15:05 of 2nd period - Shot Hit the Post.
15:07 of 2nd period - Shot by Mathew Dumba.
15:07 of 2nd period - Shot Misses the Net.
15:09 of 2nd period - Shot by Jeff Petry.
15:09 of 2nd period - Shot Misses the Net.
15:11 of 2nd period - Shot by Nick Suzuki.
15:11 of 2nd period - Stopped by Andrei Vasilevskiy without a rebound.
15:12 of 2nd period - Trevor Lewis wins face-off versus Seth Jarvis in Devils zone.
15:42 of 2nd period - Icing by Oskar Lindblom.
15:43 of 2nd period - Seth Jarvis wins face-off versus Michael McCarron in Penguins zone.
15:43 of 2nd period - Seth Jarvis is hit by Michael McCarron.
16:27 of 2nd period - Shot by Kevin Fiala.
16:27 of 2nd period - Deflect By Nick Suzuki.
16:27 of 2nd period - Shot Misses the Net.
16:29 of 2nd period - Shot by Cole Caufield.
16:29 of 2nd period - Stopped by Andrei Vasilevskiy with a rebound.
16:32 of 2nd period - Kevin Fiala is hit by Brian Dumoulin and loses puck.
16:51 of 2nd period - Shot by Dylan Cozens.
16:51 of 2nd period - Shot Blocked by Jordan Harris.
17:08 of 2nd period - Shot by Matt Boldy.
17:08 of 2nd period - Shot Misses the Net.
17:10 of 2nd period - Shot by Dylan Cozens.
17:10 of 2nd period - Shot Misses the Net.
17:12 of 2nd period - Shot by Matt Boldy.
17:12 of 2nd period - Shot Misses the Net.
17:14 of 2nd period - Shot by Dylan Cozens.
17:14 of 2nd period - Stopped by Thatcher Demko without a rebound.
17:15 of 2nd period - Alexander Wennberg wins face-off versus Nick Suzuki in Penguins zone.
18:20 of 2nd period - Shot by Seth Jarvis.
18:20 of 2nd period - Stopped by Andrei Vasilevskiy without a rebound.
18:21 of 2nd period - Aliaksei Protas wins face-off versus Dylan Cozens in Devils zone.
18:22 of 2nd period - Shot by Phil Kessel.
18:22 of 2nd period - Shot Blocked by Brian Dumoulin.
18:24 of 2nd period - Shot by Henri Jokiharju.
18:24 of 2nd period - Shot Blocked by Erik Gustafsson.
Goals for this period are 1 for Penguins vs 0 for Devils.
Shots for this period are 10 for Penguins vs 12 for Devils.

3rd period


0:01 of 3rd period - Sam Reinhart wins face-off versus Nick Suzuki in neutral zone.
0:37 of 3rd period - Shot by Nick Suzuki.
0:37 of 3rd period - Stopped by Andrei Vasilevskiy without a rebound.
0:38 of 3rd period - Alexander Wennberg wins face-off versus Seth Jarvis in Devils zone.
0:57 of 3rd period - Shot by Josh Anderson.
0:57 of 3rd period - Shot Misses the Net.
1:05 of 3rd period - Shot by Alexander Wennberg.
1:05 of 3rd period - Shot Misses the Net.
1:54 of 3rd period - Shot by Dylan Cozens.
1:54 of 3rd period - Shot Misses the Net.
1:56 of 3rd period - Shot by Dylan Cozens.
1:56 of 3rd period - Stopped by Thatcher Demko without a rebound.
1:57 of 3rd period - Nick Suzuki wins face-off versus Chris Kreider in Penguins zone.
2:11 of 3rd period - Shot by Nick Suzuki.
2:11 of 3rd period - Deflect By Cole Caufield.
2:11 of 3rd period - Shot Blocked by Dougie Hamilton.
2:13 of 3rd period - Shot by Kevin Fiala.
2:13 of 3rd period - Deflect By Nick Suzuki.
2:13 of 3rd period - Shot Misses the Net.
2:15 of 3rd period - Shot by Nick Suzuki.
2:15 of 3rd period - Stopped by Andrei Vasilevskiy without a rebound.
2:16 of 3rd period - Evgeni Malkin wins face-off versus Aliaksei Protas in Devils zone.
2:33 of 3rd period - Shot by Matt Boldy.
2:33 of 3rd period - Shot Misses the Net.
2:35 of 3rd period - Shot by Matt Boldy.
2:35 of 3rd period - Shot Misses the Net.
2:39 of 3rd period - Shot by Dylan Cozens.
2:39 of 3rd period - Goal by Dylan Cozens - Penguins : 2 - Devils : 2.
2:40 of 3rd period - Nick Suzuki wins face-off versus Alexander Wennberg in neutral zone.
2:52 of 3rd period - Icing by Dougie Hamilton.
2:53 of 3rd period - Aliaksei Protas wins face-off versus Alexander Wennberg in Devils zone.
3:03 of 3rd period - Minor Penalty to Aliaksei Protas for Hooking.
3:04 of 3rd period - Nick Suzuki wins face-off versus Travis Konecny in Penguins zone.
3:17 of 3rd period - Shot by Dougie Hamilton.
3:17 of 3rd period - Shot Blocked by Mathew Dumba.
4:39 of 3rd period - Shot by Dylan Cozens.
4:39 of 3rd period - Stopped by Thatcher Demko without a rebound.
4:40 of 3rd period - Sam Reinhart wins face-off versus Nick Suzuki in Penguins zone.
5:05 of 3rd period - Shot by Sam Reinhart.
5:05 of 3rd period - Shot Misses the Net.
5:19 of 3rd period - Matt Roy is hit by Trevor Lewis and loses puck.
5:27 of 3rd period - Phil Kessel is hit by Brian Dumoulin.
5:35 of 3rd period - Shot by Phil Kessel.
5:35 of 3rd period - Shot Misses the Net.
5:37 of 3rd period - Shot by Matt Roy.
5:37 of 3rd period - Shot Misses the Net.
5:39 of 3rd period - Shot by Aliaksei Protas.
5:39 of 3rd period - Stopped by Andrei Vasilevskiy without a rebound.
5:40 of 3rd period - Seth Jarvis wins face-off versus Conor Sheary in Devils zone.
5:43 of 3rd period - Shot by Josh Anderson.
5:43 of 3rd period - Stopped by Andrei Vasilevskiy with a rebound.
5:56 of 3rd period - Minor Penalty to Damon Severson for Interference.
5:57 of 3rd period - Nick Suzuki wins face-off versus Trevor Lewis in Devils zone.
6:06 of 3rd period - Shot by Nick Suzuki.
6:06 of 3rd period - Stopped by Andrei Vasilevskiy with a rebound.
6:08 of 3rd period - Shot by Devon Toews.
6:08 of 3rd period - Shot Misses the Net.
6:10 of 3rd period - Shot by Devon Toews.
6:10 of 3rd period - Stopped by Andrei Vasilevskiy without a rebound.
6:11 of 3rd period - Mathieu Joseph wins face-off versus Seth Jarvis in Devils zone.
6:34 of 3rd period - Shot by Jeff Petry.
6:34 of 3rd period - Shot Hit the Post.
6:36 of 3rd period - Shot by Oskar Lindblom.
6:36 of 3rd period - Stopped by Andrei Vasilevskiy without a rebound.
6:37 of 3rd period - Michael McCarron wins face-off versus Nick Suzuki in Devils zone.
6:53 of 3rd period - Icing by Kevin Fiala.
6:54 of 3rd period - Nick Suzuki wins face-off versus Michael McCarron in Penguins zone.
7:19 of 3rd period - Shot by Cole Caufield.
7:19 of 3rd period - Stopped by Andrei Vasilevskiy without a rebound.
7:20 of 3rd period - Trevor Lewis wins face-off versus Seth Jarvis in Devils zone.
8:06 of 3rd period - Shot by Conor Sheary.
8:06 of 3rd period - Stopped by Thatcher Demko with a rebound.
8:20 of 3rd period - Shot by Conor Sheary.
8:20 of 3rd period - Shot Misses the Net.
8:23 of 3rd period - Nino Niederreiter is hit by Jordan Harris and loses puck.
8:47 of 3rd period - Off-side.
8:48 of 3rd period - Cole Caufield wins face-off versus Sam Reinhart in neutral zone.
9:03 of 3rd period - Shot by Nick Suzuki.
9:03 of 3rd period - Stopped by Andrei Vasilevskiy without a rebound.
9:04 of 3rd period - Seth Jarvis wins face-off versus Evgeni Malkin in Devils zone.
9:05 of 3rd period - Shot by Josh Anderson.
9:05 of 3rd period - Shot Misses the Net.
9:07 of 3rd period - Shot by Henri Jokiharju.
9:07 of 3rd period - Shot Misses the Net.
9:18 of 3rd period - Oskar Lindblom is hit by Brian Dumoulin.
9:27 of 3rd period - Josh Anderson is hit by Brian Dumoulin and loses puck.
10:07 of 3rd period - Off-side.
10:08 of 3rd period - Sam Reinhart wins face-off versus Aliaksei Protas in neutral zone.
10:13 of 3rd period - Shot by Travis Konecny.
10:13 of 3rd period - Shot Misses the Net.
10:33 of 3rd period - Shot by Chris Kreider.
10:33 of 3rd period - Shot Misses the Net.
12:13 of 3rd period - Icing by Matt Boldy.
12:14 of 3rd period - Seth Jarvis wins face-off versus Evgeni Malkin in Devils zone.
12:30 of 3rd period - Henri Jokiharju is hit by Brian Dumoulin and loses puck.
12:49 of 3rd period - Shot by Josh Anderson.
12:49 of 3rd period - Stopped by Andrei Vasilevskiy with a rebound.
13:08 of 3rd period - Erik Gustafsson is hit by Josh Anderson and loses puck.
13:39 of 3rd period - Off-side.
13:40 of 3rd period - Alexander Wennberg wins face-off versus Nick Suzuki in neutral zone.
13:43 of 3rd period - Shot by Nino Niederreiter.
13:43 of 3rd period - Stopped by Thatcher Demko with a rebound.
13:48 of 3rd period - Minor Penalty to Nino Niederreiter for High sticking.
13:49 of 3rd period - Trevor Lewis wins face-off versus Nick Suzuki in Devils zone.
14:20 of 3rd period - Shot by Mathew Dumba.
14:20 of 3rd period - Stopped by Andrei Vasilevskiy with a rebound.
14:24 of 3rd period - Shot by Cole Caufield.
14:24 of 3rd period - Goal by Cole Caufield - Penguins : 3 - Devils : 2.
14:25 of 3rd period - Sam Reinhart wins face-off versus Aliaksei Protas in neutral zone.
14:27 of 3rd period - Mikhail Sergachev is hit by Jordan Harris and loses puck.
14:35 of 3rd period - Devon Toews is hit by Mikhail Sergachev.
15:33 of 3rd period - Shot by Alexander Wennberg.
15:33 of 3rd period - Stopped by Thatcher Demko without a rebound.
15:34 of 3rd period - Evgeni Malkin wins face-off versus Seth Jarvis in Penguins zone.
15:34 of 3rd period - Evgeni Malkin is hit by Henri Jokiharju.
16:02 of 3rd period - Shot by Evgeni Malkin.
16:02 of 3rd period - Stopped by Thatcher Demko with a rebound.
16:04 of 3rd period - Shot by Erik Gustafsson.
16:04 of 3rd period - Stopped by Thatcher Demko without a rebound.
16:05 of 3rd period - Alexander Wennberg wins face-off versus Kevin Fiala in Penguins zone.
16:08 of 3rd period - Shot by Nino Niederreiter.
16:08 of 3rd period - Stopped by Thatcher Demko without a rebound.
16:09 of 3rd period - Alexander Wennberg wins face-off versus Cole Caufield in Penguins zone.
16:42 of 3rd period - Kevin Fiala is hit by Nino Niederreiter and loses puck.
16:51 of 3rd period - Shot by Nino Niederreiter.
16:51 of 3rd period - Stopped by Thatcher Demko with a rebound.
17:43 of 3rd period - Shot by Seth Jarvis.
17:43 of 3rd period - Stopped by Andrei Vasilevskiy without a rebound.
17:44 of 3rd period - Aliaksei Protas wins face-off versus Evgeni Malkin in Devils zone.
17:44 of 3rd period - Phil Kessel is hit by Erik Gustafsson and loses puck.
18:08 of 3rd period - Phil Kessel is hit by Evgeni Malkin and loses puck.
18:15 of 3rd period - Rudolfs Balcers is hit by Brian Dumoulin.
18:28 of 3rd period - Rudolfs Balcers is hit by Brian Dumoulin and loses puck.
18:43 of 3rd period - Off-side.
18:44 of 3rd period - Seth Jarvis wins face-off versus Sam Reinhart in neutral zone.
19:01 of 3rd period - Devils, Andrei Vasilevskiy is pulled from the net.
19:05 of 3rd period - Shot by Mikhail Sergachev.
19:05 of 3rd period - Shot Blocked by Jeff Petry.
19:12 of 3rd period - Travis Konecny is hit by Jeff Petry and loses puck.
19:27 of 3rd period - Shot by Sam Reinhart.
19:27 of 3rd period - Shot Blocked by Oskar Lindblom.
Goals for this period are 1 for Penguins vs 1 for Devils.
Shots for this period are 13 for Penguins vs 10 for Devils.